Map: [ESL] Oceanborn

Players

BattleB - Winner!

  • Race: Terran Terran
  • Spawn Location: 5:00

Wayne

  • Race: Zerg Zerg
  • Spawn Location: 11:00

Event: ESL SC2 Masters 2024 Spring (Regional)

VOD

Have the link to the VOD?

Description

Time

  • Played on: April 10, 2024, 12:03 p.m.
  • Length: 14:56

All games in this series

Show
View Real Time Build Order
Export as new Build Order

BattleB Terran - Winner!

Build Orders: Mech 

Get SALT Encoding   

  12  0:00  SCV  
  13  0:12  SCV  
  14  0:16  Supply Depot  
  14  0:24  SCV  
  15  0:38  SCV, Barracks  
  16  0:43  Refinery  
  16  0:50  SCV  
  17  1:02  SCV  
  18  1:14  SCV  
  20  1:25  Reaper  
  20  1:26  Orbital Command  
  20  1:38  Command Center  
  20  1:46  Supply Depot  
  20  1:51  SCV  
  21  1:57  Marine  
  22  2:04  SCV  
  23  2:09  Factory  
  23  2:16  SCV  
  23  2:19  Barracks Reactor  
  24  2:28  SCV  
  25  2:39  Command Center  
  25  2:40  SCV  
  26  2:50  Orbital Command  
  26  2:52  SCV  
  26  2:57  Barracks  
  27  3:04  SCV  
  28  3:07  Hellion  
  28  3:10  Hellion  
  28  3:12  Barracks Tech Lab  
  32  3:16  SCV  
  32  3:17  SCV  
  34  3:28  SCV, Hellion  
  34  3:29  SCV  
  34  3:31  Hellion  
  40  3:35  Stimpack, Marine  
  40  3:40  SCV  
  43  3:41  SCV  
  43  3:42  Refinery  
  43  3:51  Orbital Command  
  43  3:53  SCV x2  
  43  3:54  Marine  
  46  3:55  Marine  
  46  3:56  Marine  
  46  3:59  Starport  
  46  4:01  Factory Reactor  
  48  4:05  SCV x2  
  50  4:11  Supply Depot  
  50  4:12  Marine  
  50  4:13  Marine x2  
  55  4:17  SCV x3  
  56  4:29  SCV x3  
  56  4:30  Marine  
  60  4:31  Marine  
  60  4:32  Marine  
  60  4:33  Engineering Bay  
  60  4:34  Supply Depot  
  60  4:37  Refinery, Engineering Bay  
  62  4:41  SCV x3  
  62  4:42  Refinery  
  62  4:45  Medivac  
  67  4:46  Medivac  
  67  4:49  Orbital Command  
  69  4:53  Orbital Command  
  69  4:54  Factory Tech Lab  
  69  4:56  SCV x2, Marine x3  
  69  4:58  Supply Depot  
  74  5:08  SCV x2, Terran Infantry Weapons Level 1  
  76  5:16  Terran Infantry Armor Level 1  
  76  5:18  Marine  
  76  5:19  Marine  
  76  5:20  SCV, Supply Depot  
  79  5:23  SCV x2  
  79  5:24  Marine  
  79  5:25  Combat Shield  
  82  5:29  Barracks  
  82  5:31  Barracks x2  
  82  5:32  SCV, Starport Reactor  
  83  5:36  SCV x2  
  83  5:41  Supply Depot  
  83  5:42  Siege Tank, Marine  
  89  5:44  Marine  
  89  5:46  SCV  
  89  5:48  SCV  
  92  5:50  Supply Depot  
  92  5:52  SCV  
  92  5:57  Marine  
  92  5:58  SCV  
  92  6:00  SCV  
  91  6:04  SCV, Supply Depot, Marine  
  91  6:05  Supply Depot, Marine  
  91  6:10  SCV  
  95  6:12  SCV  
  95  6:14  Medivac x2  
  95  6:15  Marine  
  95  6:16  SCV  
  95  6:17  Widow Mine  
  93  6:19  Barracks Reactor, Marine  
  93  6:20  Barracks Reactor, Marine  
  93  6:22  Marine  
  96  6:26  Armory  
  96  6:30  Refinery, Marine, Missile Turret  
  97  6:33  Marine  
  97  6:37  Marine  
  97  6:38  Bunker  
  99  6:41  Marine  
  99  6:42  Command Center, Marine  
  99  6:43  Widow Mine  
  103  6:49  SCV  
  103  6:50  SCV x2  
  103  6:51  Factory  
  103  6:54  Missile Turret  
  106  6:55  Missile Turret  
  106  6:56  Medivac x2  
  106  7:00  Marine  
  106  7:01  Factory, Marine x2  
  111  7:02  Marine  
  111  7:03  Marine  
  111  7:04  Marine  
  111  7:07  Marine x2  
  120  7:08  Widow Mine  
  120  7:13  Supply Depot  
  120  7:16  Supply Depot, Marine  
  120  7:17  Supply Depot  
  120  7:18  Marine  
  120  7:20  Terran Infantry Weapons Level 2  
  122  7:25  Terran Infantry Armor Level 2  
  122  7:26  Terran Vehicle And Ship Armor Level 1  
  122  7:27  Marine x2  
  122  7:28  Marine  
  125  7:34  Marine x4  
  125  7:35  Widow Mine  
  131  7:37  Supply Depot  
  131  7:38  Supply Depot  
  131  7:43  Medivac x2  
  135  7:45  Factory Reactor  
  135  7:46  Marine x5  
  140  7:51  SCV x3  
  140  7:52  Marine x3  
  140  7:55  Marine  
  140  7:58  Supply Depot  
  147  8:00  Widow Mine  
  147  8:03  SCV  
  147  8:04  Marine x2  
  151  8:09  SCV x2, Missile Turret  
  151  8:11  Refinery  
  152  8:16  Drilling Claws  
  152  8:17  Sensor Tower  
  152  8:18  SCV  
  153  8:20  Barracks x2  
  153  8:21  SCV  
  153  8:22  Barracks  
  153  8:24  SCV  
  155  8:27  Widow Mine  
  155  8:28  Sensor Tower  
  155  8:30  SCV, Planetary Fortress  
  155  8:33  SCV  
  159  8:37  SCV  
  159  8:39  Widow Mine, Thor  
  166  8:41  Marine x2  
  166  8:42  Marine x3  
  166  8:46  SCV x2  
  173  8:49  Supply Depot, Missile Turret, Marine  
  173  8:54  Marine  
  169  8:56  Widow Mine  
  169  9:00  Medivac x2, Marine  
  169  9:01  Marine x6  
  182  9:07  Marine  
  182  9:08  Barracks Tech Lab x2  
  182  9:09  Barracks Tech Lab  
  183  9:12  Widow Mine, Marine  
  183  9:15  Supply Depot  
  186  9:18  Widow Mine, Marine x2  
  186  9:23  Widow Mine  
  192  9:26  Marine x2  
  192  9:27  Marine x2  
  196  9:31  Missile Turret  
  196  9:32  Missile Turret  
  196  9:35  Command Center  
  196  9:36  Missile Turret  
  196  9:37  Marauder, Marine x2  
  200  9:48  Marauder  
  200  9:49  Marauder  
  200  9:50  Marauder, Marine  
  184  9:56  Marine  
  184  9:58  Marine x2  
  184  9:59  Widow Mine x2, Thor, Marauder  
  175  10:00  Marine  
  175  10:06  Marine  
  180  10:07  Medivac x2, Command Center  
  180  10:08  Marine  
  180  10:09  Marine  
  180  10:10  Marauder  
  180  10:11  Marauder  
  180  10:12  Marauder  
  189  10:14  Marine  
  189  10:19  Refinery x2  
  189  10:20  Marine, Marauder  
  189  10:21  Marine  
  193  10:24  Widow Mine x2  
  193  10:28  Marine  
  185  10:29  Marine  
  185  10:31  Marauder  
  185  10:32  Marauder  
  185  10:33  Marauder, Marine x4  
  195  10:38  Marine  
  195  10:39  Terran Infantry Weapons Level 3, Marine  
  195  10:42  Marauder  
  199  10:46  Marine  
  199  10:47  Marine  
  190  10:51  Marine x4  
  190  10:52  Widow Mine x3  
  190  10:54  Marine x2, Marauder  
  190  10:56  Marine  
  190  10:57  Marine  
  199  11:02  Marine  
  199  11:04  Marine x2  
  182  11:08  Marine x2  
  182  11:09  Liberator, Marine x2  
  178  11:12  Marine x2  
  178  11:13  Widow Mine x2  
  178  11:14  Marine x3  
  181  11:20  Marine  
  181  11:22  Marine x2  
  149  11:26  Marine x4  
  149  11:29  Marine x2  
  149  11:31  Widow Mine  
  149  11:32  Marine x3  
  135  11:38  Marine  
  135  11:39  Marine  
  136  11:40  Marine  
  136  11:44  Widow Mine x2, Marine x4  
  146  11:47  Marine x2  
  146  11:49  Marine  
  146  11:50  Missile Turret, Marine x2  
  146  11:51  Missile Turret, Orbital Command  
  146  11:52  Widow Mine, Missile Turret  
  153  11:56  Marine  
  153  11:57  Marine  
  153  11:58  Terran Infantry Armor Level 3  
  153  11:59  Planetary Fortress  
  153  12:01  SCV x3  
  158  12:02  Marine  
  158  12:04  Marine  
  158  12:05  Marine  
  158  12:06  Marine, Marauder  
  158  12:08  Marauder, Marine  
  165  12:11  Marine x2  
  165  12:12  Marauder  
  169  12:17  Widow Mine x2  
  169  12:18  Widow Mine  
  169  12:22  Marauder, Marine x2  
  179  12:26  Sensor Tower  
  179  12:27  Marine x2, Marauder  
  180  12:33  Marauder, Marine  
  180  12:34  Marauder, Ghost Academy, Marine  
  180  12:36  Marine x2  
  188  12:40  Medivac x2  
  188  12:44  Marauder  
  194  12:50  Marauder, Marine x2  
  188  12:55  Widow Mine x2  
  188  12:56  Widow Mine  
  190  13:09  Ghost x2  
  190  13:10  Ghost  
  190  13:11  Ghost  
  186  13:13  Liberator x2  
  185  13:23  Marine  
  185  13:24  Marine x3  
  185  13:27  Missile Turret  
  185  13:30  Widow Mine x2, Personal Cloaking  
  185  13:33  Widow Mine, Refinery  
  189  13:36  SCV  
  189  13:37  Missile Turret  
  189  13:38  Ghost x3  
  189  13:40  Ghost  
  196  13:44  SCV x2  
  194  13:53  Command Center  
  193  13:55  Command Center  
  179  14:06  Ghost  
  179  14:09  SCV  
  169  14:11  Ghost x2  
  169  14:12  Marine x3  
  169  14:13  Marine, Marauder  
  169  14:15  Marine  
  180  14:18  Marine  
  180  14:22  Widow Mine x2  
  180  14:23  Widow Mine  
  187  14:30  Marine x3  
  182  14:31  Marine  
  182  14:32  Marine  
  182  14:34  Marauder  
  182  14:36  Marine x2  
  182  14:37  Marine  
Show
View Real Time Build Order
Export as new Build Order

Wayne Zerg 

Build Orders: Hatch First 

Get SALT Encoding   

  12  0:00  Drone  
  13  0:13  Overlord  
  13  0:17  Drone  
  14  0:31  Drone x2  
  16  0:48  Hatchery  
  15  0:51  Drone  
  15  0:55  Drone  
  17  1:00  Drone  
  18  1:09  Extractor  
  17  1:13  Spawning Pool  
  17  1:16  Drone  
  17  1:20  Drone  
  18  1:29  Drone  
  19  1:42  Drone  
  20  1:51  Drone  
  21  2:00  Queen x2  
  25  2:01  Zergling x4  
  27  2:11  Overlord  
  27  2:13  Metabolic Boost, Drone  
  28  2:29  Hatchery  
  27  2:30  Drone  
  27  2:33  Drone  
  28  2:39  Drone  
  28  2:40  Drone  
  30  2:44  Queen  
  30  2:50  Overlord  
  32  2:52  Drone  
  32  2:54  Drone  
  32  2:57  Drone  
  35  3:10  Drone x2, Queen  
  39  3:15  Overlord  
  39  3:16  Drone x2  
  41  3:21  Queen  
  43  3:33  Drone  
  43  3:34  Drone x2  
  45  3:37  Zergling x4  
  48  3:41  Queen  
  48  3:45  Overlord  
  50  3:49  Lair  
  50  3:51  Extractor, Drone x2  
  51  3:57  Drone x4  
  55  4:03  Queen  
  55  4:09  Drone x4  
  61  4:15  Drone  
  62  4:18  Queen  
  62  4:20  Drone  
  62  4:23  Overlord  
  65  4:28  Overlord  
  65  4:34  Overlord  
  65  4:39  Extractor  
  65  4:41  Extractor, Drone x2  
  65  4:42  Drone x2  
  65  4:43  Drone x4  
  71  4:47  Spire  
  71  4:51  Overseer, Baneling Nest  
  71  4:52  Drone x2  
  71  4:55  Extractor  
  71  4:56  Extractor, Drone  
  71  4:58  Drone  
  71  5:00  Drone  
  71  5:04  Drone x2  
  74  5:07  Drone x2  
  74  5:11  Drone x2  
  78  5:14  Drone x2  
  78  5:15  Overlord  
  78  5:19  Zergling x6  
  83  5:26  Overlord  
  83  5:29  Overlord  
  83  5:30  Zergling x12  
  89  5:36  Baneling x2  
  89  5:37  Baneling x6  
  89  5:50  Zergling x4  
  90  5:58  Drone  
  90  5:59  Drone x4  
  94  6:04  Mutalisk  
  94  6:05  Mutalisk x4  
  94  6:11  Hatchery  
  102  6:18  Mutalisk x4  
  99  6:21  Drone x2  
  99  6:22  Drone x2  
  99  6:24  Evolution Chamber  
  110  6:26  Evolution Chamber  
  110  6:28  Overlord  
  110  6:29  Overlord  
  110  6:32  Overlord  
  109  6:33  Zerg Flyer Weapons Level 1  
  109  6:41  Zergling x10  
  109  6:42  Centrifugal Hooks  
  114  6:51  Zergling x12  
  114  6:53  Baneling x10  
  120  7:02  Mutalisk x3  
  120  7:03  Zergling x2  
  120  7:04  Zergling x6  
  120  7:07  Overlord  
  130  7:11  Overlord  
  130  7:14  Drone x4  
  134  7:17  Pneumatized Carapace  
  134  7:20  Drone x4  
  138  7:25  Overlord  
  138  7:26  Overseer  
  138  7:30  Drone x4  
  138  7:31  Drone  
  138  7:33  Drone  
  138  7:35  Drone  
  145  7:44  Drone  
  145  7:49  Zerg Ground Armor Level 1, Zerg Melee Weapons Level 1  
  145  7:51  Extractor  
  145  7:52  Extractor  
  145  7:53  Drone x3  
  145  7:55  Mutalisk x4  
  145  7:58  Overlord, Hatchery  
  154  8:00  Overlord  
  154  8:03  Overlord  
  154  8:08  Overlord  
  154  8:14  Infestation Pit  
  154  8:17  Overlord, Baneling x6  
  154  8:18  Overseer x2  
  153  8:25  Zergling x2  
  153  8:26  Zergling x24  
  166  8:30  Zerg Flyer Weapons Level 2  
  166  8:33  Drone x6  
  172  8:37  Overlord  
  170  8:44  Zergling x14  
  176  8:50  Overlord  
  176  8:52  Hive  
  172  8:56  Drone x6  
  178  9:17  Hatchery  
  178  9:19  Mutalisk, Hatchery  
  178  9:20  Mutalisk x5  
  189  9:31  Zergling x24  
  189  9:34  Baneling x5  
  200  9:38  Extractor  
  200  9:45  Overlord  
  197  9:51  Overlord  
  170  9:54  Zergling x30  
  160  10:00  Zergling x14  
  160  10:01  Zergling x2, Overseer  
  160  10:04  Adrenal Glands  
  168  10:09  Baneling x16  
  169  10:14  Zergling x16  
  169  10:19  Baneling x27  
  171  10:30  Zergling x24  
  171  10:34  Baneling x7  
  174  10:37  Zerg Melee Weapons Level 2  
  174  10:38  Zerg Ground Armor Level 2  
  174  10:46  Zergling x16  
  174  10:52  Baneling x7  
  174  10:53  Zergling x12  
  174  10:54  Zergling x2  
  165  11:07  Zergling x30  
  173  11:13  Zergling x14  
  160  11:20  Ultralisk Cavern  
  148  11:30  Zergling x34  
  154  11:35  Queen x2  
  154  11:38  Mutalisk x2  
  162  11:49  Baneling x4  
  162  11:50  Zergling x18, Baneling x8  
  162  11:53  Overseer  
  167  11:59  Mutalisk x5  
  177  12:06  Chitinous Plating  
  177  12:08  Ultralisk  
  183  12:09  Baneling  
  183  12:10  Baneling x6  
  183  12:21  Ultralisk x2  
  183  12:22  Baneling x6  
  192  12:34  Zergling x2, Ultralisk  
  192  12:35  Zergling x2  
  192  12:36  Baneling x7  
  192  12:37  Baneling x2  
  187  12:48  Zergling x2  
  187  12:49  Zergling x24  
  189  12:57  Ultralisk  
  189  12:58  Ultralisk  
  198  13:04  Overlord  
  179  13:14  Ultralisk x2  
  179  13:16  Zergling x22  
  199  13:20  Baneling x6  
  199  13:21  Overlord  
  197  13:30  Baneling x6  
  197  13:31  Overseer  
  195  13:42  Zergling x4  
  195  13:43  Zergling x6  
  195  13:46  Overlord  
  200  13:50  Overlord  
  157  14:08  Corruptor x6  
  157  14:09  Zergling x2  
  143  14:10  Zergling x36  
  143  14:15  Baneling x8  
  150  14:17  Corruptor  
  152  14:29  Zergling x16  
Tags
 
Add a new tag
Caveats
  • Supply blocks, unpowered buildings, or Contaminate may cause inaccurate times.
  • Supply counts are checked every 10 seconds.